 Dungeon Crawl Stone Soup version 0.30.1-11-g7821555f0a (webtiles) character file.

Game seed: 17751611225691818615

3208 porpoise the Firebug (level 9, -1/78 HPs)
             Began as a White Draconian Fire Elementalist on Dec 5, 2023.
             Slain by a two-headed ogre
             ... wielding a +0 giant club
              (19 damage)
             ... on level 8 of the Dungeon.
             The game lasted 00:30:59 (9037 turns).

porpoise the Firebug (DrFE)                         Turns: 9037, Time: 00:31:00

Health: -1/78      AC: 12    Str: 12    XL:     9   Next: 65%
Magic:  15/25      EV: 13    Int: 21    God:
Gold:   544        SH:  8    Dex: 11    Spells: 8/18 levels left

rFire   + . .        a - staff of fire
rCold   + . .        J - +0 buckler
rNeg    . . .        (body armour unavailable)
rPois   .            (helmet restricted)
rElec   .            h - +1 cloak
rCorr   +            (no gloves)
SInv    .            p - +2 pair of boots of the End {+Blink}
Will    .....        l - amulet of Zafifa {Reflect rCorr MP+9 Int-4 SH+5}
Stlth   ++           v - +6 ring of intelligence
HPRegen 0.33/turn    (no ring)
MPRegen 0.19/turn

%: reflection
@: no status effects
A: breathe frost, AC +7, unfitting armour, cold resistance 1, cold-blooded
a: Breathe Frost, Evoke Blink


You were on level 8 of the Dungeon.
You visited 1 branch of the dungeon, and saw 8 of its levels.

You collected 544 gold pieces.

Inventory:

Hand Weapons
 b - a +0 short sword of venom
Missiles
 c - 20 poisoned darts
 t - 7 boomerangs
 w - 2 curare-tipped darts
 F - a throwing net
Armour
 h - a +1 cloak (worn)
 p - the +2 pair of boots of the End (worn) {+Blink}
   (You acquired it on level 8 of the Dungeon)

   +Blink:    It lets you blink.
 s - an orb of energy
 J - a +0 buckler (worn)
Magical Staves
 a - a staff of fire (weapon)
 I - a staff of conjuration
Jewellery
 l - the amulet of Zafifa (around neck) {Reflect rCorr MP+9 Int-4 SH+5}
   (You found it on level 2 of the Dungeon)

   [amulet of reflection]

   It reflects blocked missile attacks.
   Int:       It affects your intelligence (-4).
   MP:        It affects your magic capacity (+9).
   rCorr:     It protects you from acid and corrosion.
   SH:        It affects your SH (+5).
 v - a +6 ring of intelligence (left hand)
 y - a ring of ice
Wands
 B - a wand of roots (16)
 E - a wand of flame (38)
 G - a wand of paralysis (11)
Scrolls
 d - 2 scrolls of noise
 e - 2 scrolls of fog
 f - 3 scrolls of enchant armour
 j - a scroll of immolation {unknown}
 n - a scroll of blinking {unknown}
 x - a scroll of enchant weapon {unknown}
 D - a scroll of teleportation {unknown}
 H - 2 scrolls of vulnerability {unknown}
 K - 2 scrolls of brand weapon {unknown}
 L - a scroll of torment {unknown}
 N - a scroll of fear {unknown}
Potions
 g - a potion of magic
 i - 3 potions of heal wounds
 k - 2 potions of attraction
 m - 2 potions of brilliance
 o - a potion of haste
 q - 2 potions of flight
 r - 2 potions of resistance
 u - 5 potions of curing
 z - 2 potions of cancellation
 A - 2 potions of lignification {unknown}
 C - a potion of might {unknown}
 M - a potion of invisibility {unknown}


   Skills:
 + Level 6.4 Fighting
 - Level 5.0 Dodging
 - Level 1.7 Stealth
 + Level 0.0 Shields
 - Level 5.0 Spellcasting
 + Level 3.2 Conjurations
 - Level 5.0 Translocations
 - Level 7.0 Fire Magic


You had 8 spell levels left.
You knew the following spells:

 Your Spells              Type           Power      Damage    Failure   Level
a - Foxfire               Conj/Fire      100%       2x1d9     1%          1
b - Scorch                Fire           100%       2d9       1%          2
c - Volatile Blastmotes   Fire/Tloc      90%        2d17      4%          3
d - Flame Wave            Conj/Fire      40%        2d11      19%         4

Your spell library contained the following spells:

 Spells                   Type           Power      Damage    Failure   Level
 Inner Flame              Hex/Fire       29%        N/A       11%         3
 Freeze                   Ice            20%        1d4       16%         1
 Sublimation of Blood     Necr           5%         N/A       24%         2
 Wereblood                Tmut           5%         N/A       24%         2
 Hailstorm                Conj/Ice       12%        3d5       24%         3
 Frozen Ramparts          Ice            10%        1d2       43%         3
 Summon Hydra             Summ           2%         N/A       100%        7


Dungeon Overview and Level Annotations

Branches:
Dungeon (8/15)             Temple (0/1) D:5
   Lair: D:8-11

Altars:
Okawaru
Ru
Wu Jian

Shops:
D:8 =

Annotations:
D:5 2 transporters


Innate Abilities, Weirdness & Mutations

You can breathe waves of freezing cold which knock back foes.
Your icy white scales are hard. (AC +7)
You cannot fit into any form of body armour.
Your flesh is cold resistant. (rC+)
You are cold-blooded and may be slowed by cold attacks.


Message History

You hit the orc but do no damage.
You tail-slap the orc, but do no damage.
The orc is almost dead.
The foxfire hits the orc but does no damage.
The orc is almost dead.
The foxfire hits the two-headed ogre.
The two-headed ogre is heavily wounded.
The orc warrior hits you with a +0 short sword.
The orc hits you with a +0 dagger.
The two-headed ogre hits you with a +0 giant club!
The two-headed ogre barely misses you. The orc hits you but does no damage.
The orc warrior hits you but does no damage.
Casting: Foxfire (safe; 1% risk of failure)
Confirm with . or Enter, or press ? or * to list all spells.
You feel a surge of power!
You conjure some foxfire!
You block the orc warrior's attack. The orc hits you but does no damage.
You barely miss the orc. You tail-slap the orc.
You kill the orc!
The foxfire hits the two-headed ogre.
The two-headed ogre is heavily wounded.
The foxfire hits the two-headed ogre!
The two-headed ogre is severely wounded.
You block the two-headed ogre's attack. x2
The orc warrior hits you with a +0 short sword!
Casting: Foxfire (safe; 1% risk of failure)
Confirm with . or Enter, or press ? or * to list all spells.
You feel a surge of power!
You conjure some foxfire!
You block the orc warrior's attack.
The two-headed ogre hits you with a +0 giant club!
The two-headed ogre hits you with a +0 giant club.
You hit the two-headed ogre.
The two-headed ogre is severely wounded.
The foxfire hits the orc warrior but does no damage.
The foxfire hits the two-headed ogre.
The two-headed ogre is almost dead.
You block the orc warrior's attack.
The two-headed ogre hits you with a +0 giant club!
* * * LOW HITPOINT WARNING * * *
The two-headed ogre hits you with a +0 giant club!!
You die...

###..#
##....##...##.
###.[....#
...#.
#..).....##
....
....##)...#
)..##
.#####<..##
...# ## #...#
#).## # #..##
##oO.# #..#
#.)@.# #..#
##.#ยง.## #..#
#...#..####
##..#
#...#.....#
#...#
#.....#####
#..## #....##
##..# ##..##
####...##
#..##
........##
##..#


You could see a two-headed ogre and an orc warrior.

Vanquished Creatures
  Sigmund (D:6)
  Menkaure (D:6)
  2 water moccasins
  Duvessa (D:6)
  2 black bears
  3 ice beasts
  2 ogres (D:5)
  A centaur (D:7)
  A kobold brigand (D:6)
  3 phantoms
  Blork the orc (D:6)
  A gnoll sergeant (D:6)
  3 bullfrogs
  A scorpion (D:5)
  4 wights (D:7)
  Dowan (D:6)
  3 howler monkeys (D:7)
  2 hounds (D:4)
  A jelly (D:5)
  5 orc priests
  2 gnoll boudas
  2 sleepcaps
  3 iguanas
  5 orc wizards
  16 gnolls
  4 adders
  2 ufetubi
  A worm (D:3)
  A dart slug (D:1)
  40 orcs
  2 bats
  4 endoplasms
  6 giant cockroaches
  7 goblins
  5 hobgoblins
  4 quokkas (D:1)
  2 ball pythons
  7 frilled lizards
  11 kobolds
  7 rats
170 creatures vanquished.

Vanquished Creatures (others)
  540 foxfires
540 creatures vanquished.

Grand Total: 710 creatures vanquished

Notes
Turn   | Place    | Note
-------+----------+-------------------------------------------
     0 | D:1      | porpoise the Draconian Fire Elementalist began the quest
                  | for the Orb.
     0 | D:1      | Reached XP level 1. HP: 14/14 MP: 3/3
   185 | D:1      | Reached XP level 2. HP: 20/20 MP: 3/5
   992 | D:1      | Reached XP level 3. HP: 26/26 MP: 3/6
  1234 | D:2      | Learned a level 2 spell: Scorch
  1555 | D:2      | Identified the amulet of Zafifa {Reflect rCorr MP+9 Int-4
                  | SH+5}
  2527 | D:3      | Reached XP level 4. HP: 33/33 MP: 5/8
  2834 | D:3      | Reached skill level 4 in Fire Magic
  3078 | D:3      | Found an iron altar of Okawaru.
  3234 | D:4      | Reached XP level 5. HP: 38/38 MP: 3/9
  3238 | D:4      | Learned a level 3 spell: Volatile Blastmotes
  3726 | D:4      | Noticed a phantom
  3735 | D:4      | Killed a phantom
  3736 | D:4      | Reached skill level 1 in Translocations
  3736 | D:4      | Reached XP level 6. HP: 45/45 MP: 5/11
  4307 | D:5      | Entered Level 5 of the Dungeon
  4329 | D:5      | Reached skill level 5 in Fire Magic
  4508 | D:5      | Your scales start taking on an icy white colour.
  4508 | D:5      | Reduced skill Fire Magic to level 4
  4508 | D:5      | Reached XP level 7. HP: 50/50 MP: 13/13
  4508 | D:5      | Gained mutation: Your flesh is cold resistant. (rC+) [White
                  | Draconian growth]
  4708 | D:5      | Found a transporter.
  4894 | D:5      | Found a transporter.
  4945 | D:5      | Found a staircase to the Ecumenical Temple.
  5165 | D:5      | Reached skill level 5 in Spellcasting
  5747 | D:6      | Noticed Blork the orc
  5747 | D:6      | Noticed Sigmund
  5747 | D:6      | Found a sacrificial altar of Ru.
  5788 | D:6      | Reached skill level 1 in Fighting
  5788 | D:6      | Reached skill level 5 in Fire Magic
  5788 | D:6      | Reached XP level 8. HP: 52/59 MP: 11/15
  5804 | D:6      | Killed Blork the orc
  5804 | D:6      | Noticed Dowan
  5936 | D:6      | Noticed Menkaure
  6251 | D:6      | Noticed Duvessa
  6272 | D:6      | Killed Duvessa
  6274 | D:6      | Killed Dowan
  6275 | D:6      | Reached skill level 5 in Translocations
  6280 | D:6      | Learned a level 4 spell: Flame Wave
  6379 | D:6      | Killed Sigmund
  6504 | D:6      | HP: 2/66 [gnoll sergeant/+0 trident of freezing (3)]
  6617 | D:6      | Killed Menkaure
  6618 | D:6      | Reached skill level 6 in Fire Magic
  6942 | D:6      | Reached XP level 9. HP: 59/72 MP: 16/16
  7447 | D:7      | Identified 2 scrolls of acquirement
  7447 | D:7      | Acquired a staff of fire
  7459 | D:7      | Reached skill level 5 in Fighting
  7836 | D:7      | You fall into a shaft and drop 1 floor!
  8014 | D:8      | Acquired the +2 pair of boots of the End {+Blink}
  8022 | D:8      | Found an ornate altar of the Wu Jian Council.
  8425 | D:7      | Reached skill level 7 in Fire Magic
  8969 | D:8      | Found Giet's Jewellery Shop.
  9017 | D:8      | Noticed a two-headed ogre
  9025 | D:8      | Reached skill level 5 in Dodging
  9037 | D:8      | Slain by a two-headed ogre

Illustrated notes

Levels and vault maps discovered:
D:1:      tarquinn_simple_flora_water_c, layout_basic
D:2:      layout_rooms
D:3:      layout_rooms, okawaru_ov_weapons_minmay, serial_glass,
          glass_columns_c, glass_columns_a, grunt_ministairs_11
D:4:      layout_cave_pools
D:5:      layout_rooms, minmay_temple_entry_from_below_a,
          gammafunk_ghost_abyssal_escape, serial_co_window_serial,
          co_window_of_opportunity_a, co_window_paths_a, co_window_corner_a,
          co_window_paths_a, co_window_paths_a, co_window_2corner,
          co_window_of_opportunity_c, co_window_unsneaky_path_c,
          co_window_of_opportunity_b, co_window_corner_cb, co_window_corner_ca,
          co_window_paths_e, co_window_4corner_b, glass_columns_c,
          glass_columns_a
D:6:      layout_rooms, mainiacjoe_overflow_small_starburst, uniq_blork_the_orc,
          uniq_menkaure, uniq_sigmund, uniq_duvessa
D:7:      layout_gridville, chequers_serial_rivers_micro_e
D:8:      layout_layer_cave, lemuel_doored_altar, serial_shops,
          nicolae_shop_tiny_real_fake_doors, shop, shop, grunt_ministairs_12,
          kennysheep_just_a_vault

Skill      XL: |  1  2  3  4  5  6  7  8  9 |
---------------+----------------------------+-----
Conjurations   | 2 3 |  3.2
Spellcasting   | 3 4 5 |  5.0
Fire Magic     | 4 4 5 6 7 |  7.0
Translocations | 1 2 4 5 |  5.0
Fighting       | 1 4 6 |  6.4
Dodging        | 3 5 |  5.0
Stealth        | |  1.7

Action                     |  1- 3 |  4- 6 |  7- 9 || total
---------------------------+-------+-------+-------++-------
  Melee: Unarmed           |    24 |       |       ||    24
         Tailslap          |     6 |     4 |    10 ||    20
         Dagger            |     6 |    16 |       ||    22
         Staff             |       |    12 |    52 ||    64
         Punch             |       |       |     1 ||     1
   Cast: Foxfire           |    72 |    69 |   167 ||   308
         Scorch            |     1 |     9 |    44 ||    54
         Volatile Blastmot |       |       |     7 ||     7
    Use: Scroll            |     1 |     8 |     3 ||    12
         Potion            |       |       |     1 ||     1
 Armour: Skin              |    13 |    12 |    42 ||    67
  Dodge: Dodged            |    15 |    25 |    88 ||   128
  Block: Other             |       |       |    40 ||    40
         Reflection        |       |       |     4 ||     4
         Buckler           |       |       |    18 ||    18
